 Dungeon Crawl Stone Soup version 0.25-a0-659-gdb1d69e (webtiles) character file.

Game seed: 7745347377633597313, levelgen mode: deterministic

219 MrPagan the Chopper (level 5, 0/47 HPs)
             Began as a Hill Orc Fighter on Mar 23, 2020.
             Slain by a gnoll
             ... wielding a +0 spear
              (5 damage)
             ... on level 3 of the Dungeon.
             The game lasted 00:09:58 (2119 turns).

MrPagan the Chopper (Hill Orc Fighter)              Turns: 2119, Time: 00:09:59

Health: 0/47       AC:  7    Str: 20      XL:     5   Next: 96%
Magic:  5/5        EV:  7    Int:  7 (8)  God:
Gold:   136        SH:  9    Dex:  8 (10) Spells: 4/4 levels left

rFire    . . .     SeeInvis .   a - +0 war axe
rCold    . . .     Gourm    .   c - +0 kite shield
rNeg     . . .     Faith    .   b - +0 scale mail
rPois    .         Spirit   .   (no helmet)
rElec    .         Reflect  .   (no cloak)
rCorr    .         Harm     .   (no gloves)
MR       .....                  (no boots)
Stlth    ..........             (no amulet)
HPRegen  0.15/turn              (no ring)
MPRegen  0.09/turn              (no ring)

@: no status effects
A: no striking features
a: no special abilities


You were on level 3 of the Dungeon.
You were not hungry.

You visited 1 branch of the dungeon, and saw 3 of its levels.

You collected 136 gold pieces.

Inventory:

Hand Weapons
 a - a +0 war axe (weapon)
Armour
 b - a +0 scale mail (worn)
 c - a +0 kite shield (worn)
Scrolls
 e - a scroll of identify
 g - 2 scrolls of enchant weapon
 h - 2 scrolls of amnesia
 k - 2 scrolls of remove curse
 m - a scroll of blinking {unknown}
 p - a scroll of enchant armour {unknown}
 q - a scroll of teleportation {unknown}
Comestibles
 f - 6 rations


   Skills:
 + Level 4.4 Fighting
 + Level 5.7 Axes
 + Level 4.1 Armour
 + Level 0.7 Dodging
 + Level 4.2 Shields


You had 4 spell levels left.
You didn't know any spells.
Your spell library was empty.

Dungeon Overview and Level Annotations

Branches:
Dungeon (3/15)

Altars:
Ru

Annotations:
D:3 2 runed translucent doors, handsome's ghost, amateur OpWz


Message History

Items here: ( )))) †††††† You bump into the rock wall.
You feel less invigorated.
You feel less confused.
The gnoll hits you from afar with a +0 spear.
The gnoll hits you but does no damage.
The gnoll hits you from afar with a +0 spear.
You block the gnoll's attack.
You see here a helmet.
The gnoll hits you but does no damage.
The gnoll hits you from afar with a +0 spear.
* * * LOW HITPOINT WARNING * * *
You closely miss the gnoll. The gnoll hits you with a +0 spear.
* * * LOW HITPOINT WARNING * * *
The gnoll barely misses you. The gnoll hits you but does no damage.
You slash the gnoll!
The gnoll is almost dead.
The gnoll hits you from afar with a +0 spear.
* * * LOW HITPOINT WARNING * * *
The gnoll hits you with a +0 spear.
You die...

### .. ####+#.##
.....<..# ###############
........# #.............#
........###.###########.#
........'...######### #.#
........##...gg@....# #.#
........##.########## #.#
........##.# #(#
........##.# #.#
.........).# #.#
############ #.# #(# #.#
#.#


You could see 2 gnolls.

Vanquished Creatures
  An orc priest (D:3)
  An orc wizard (D:2)
  2 gnolls (D:3)
  7 adders
  2 dart slugs (D:1)
  A leopard gecko (D:1)
  4 orcs (D:3)
  6 ball pythons
  4 giant cockroaches
  6 goblins
  10 hobgoblins
  2 jackals (D:2)
  A quokka (D:3)
  4 bats
  A frilled lizard (D:3)
  11 kobolds
  8 rats
71 creatures vanquished.

Notes
Turn   | Place    | Note
-------+----------+-------------------------------------------
     0 | D:1      | MrPagan the Hill Orc Fighter began the quest for the Orb.
     0 | D:1      | Reached XP level 1. HP: 19/19 MP: 1/1
   115 | D:1      | Reached XP level 2. HP: 27/27 MP: 2/2
   449 | D:1      | Reached skill level 3 in Axes
   483 | D:1      | Reached XP level 3. HP: 31/33 MP: 3/3
  1056 | D:2      | Reached XP level 4. HP: 39/40 MP: 4/4
  1489 | D:2      | Reached skill level 4 in Axes
  1591 | D:2      | Found a sacrificial altar of Ru.
  1594 | D:2      | Reached XP level 5. HP: 46/46 MP: 5/5
  1605 | D:2      | Reached skill level 5 in Axes
  1926 | D:3      | Found a large runed translucent door.
  1926 | D:3      | Found a large runed translucent door.
  1928 | D:3      | Noticed handsome's ghost (amateur OpWz)
  2119 | D:3      | Slain by a gnoll

Levels and vault maps discovered:
D:1:      dpeg_arrival_lava_altar, layout_loops_corners
D:2:      layout_loops_ring, nicolae_ru_great_annihilating_truth
D:3:      layout_basic, lemuel_crystal_altar, ebering_ghost_disaster_area,
          first_ration, uniq_terence

Skill      XL: |  1  2  3  4  5 |
---------------+----------------+-----
Axes           | 3 4 5 |  5.7
Fighting       | 4 |  4.4
Armour         | 4 |  4.1
Shields        | 4 |  4.2
Dodging        | |  0.7

Action                   |  1- 3 |  4- 6 || total
-------------------------+-------+-------++-------
Melee: War axe           |   126 |    99 ||   225
  Use: Scroll            |       |     6 ||     6
       Potion            |       |     5 ||     5
  Eat: Chunk             |     1 |       ||     1
       Ration            |       |     1 ||     1
Armor: Scale mail        |    67 |    38 ||   105
       Skin              |       |    51 ||    51
Dodge: Dodged            |    50 |    41 ||    91
Block: Kite shield       |    73 |    95 ||   168

Table legend:
 A = Non-vault XP
 B = Vault XP
 C = Vault XP percentage of total XP
 D = Non-vault monster count
 E = Vault monster count
 F = Vault count percentage of total count
                 A         B        C        D         E       F
            +---------+---------+-------+---------+---------+-------
      Total |     256 |      58 |  18.5 |      67 |       4 |   5.6
            +---------+---------+-------+---------+---------+-------
        D:1 |      74 |       0 |   0.0 |      27 |       0 |   0.0
        D:2 |      88 |      58 |  39.7 |      27 |       4 |  12.9
        D:3 |      94 |       0 |   0.0 |      13 |       0 |   0.0
            +---------+---------+-------+---------+---------+-------
